 Dungeon Crawl Stone Soup version 0.28-a0-474-g535839065c (webtiles) character file.

Game seed: 15340394461389004005

18007 robertstho the Thaumaturge (level 12, -9/84 HPs)
             Began as a Djinni Fire Elementalist on Sept 15, 2021.
             Was an Initiate of Gozag.
             Mangled by a boulder beetle (14 damage)
             ... on level 12 of the Dungeon.
             The game lasted 00:29:14 (14334 turns).

robertstho the Thaumaturge (DjFE)                  Turns: 14334, Time: 00:29:16

Health: -9/84      AC:  6    Str:  7    XL:     12   Next: 89%
Gold:   963        EV: 11    Int: 23    God:    Gozag SH:  3 Dex: 10

rFire   + + +      SeeInvis +   J - +7 dagger "Bung" {speed, rElec rF+ Dex-3}
rCold   . . .      Faith    .   i - +0 buckler
rNeg    . . .      Spirit   .   O - +2 leather armour {rC+ rF+}
rPois   ∞          Reflect  .   e - +1 hat
rElec   +          Harm     .   (no cloak)
rCorr   .          Rampage  .   (no gloves)
Will    +....                   (boots unavailable)
Stlth   ++........              (no amulet)
HPRegen 0.24/turn               s - ring of see invisible
MPRegen 0.00/turn               A - ring of wizardry

@: flying, studying Shields
A: sickness immunity, fire resistance 2, cold vulnerability 1, float, innate
caster, hp casting, extra vitality 1
a: Renounce Religion, Potion Petition, Call Merchant, Bribe Branch


You were on level 12 of the Dungeon.
You worshipped Gozag.
Gozag was pleased with you.
You visited 1 branch of the dungeon, and saw 12 of its levels.
You also visited: Bailey and Ice Cave.

You collected 2301 gold pieces.
You spent 522 gold pieces at shops.
You paid 816 gold pieces to Gozag.

Inventory:

Hand Weapons
 l - a +1 vampiric short sword
 J - the +7 dagger "Bung" (weapon) {speed, rElec rF+ Dex-3}
   (You found it on level 5 of the Dungeon)

   Attacks with this weapon are significantly faster.
   Dex:       It affects your dexterity (-3).
   rF:        It protects you from fire.
   rElec:     It insulates you from electricity.
Armour
 e - a +1 hat (worn)
 i - a +0 buckler (worn)
 o - the +6 ring mail of the Sky {rPois rC- Regen+}
   (You found it on level 5 of the Dungeon)

   rC:        It makes you vulnerable to cold.
   rPois:     It protects you from poison.
   Regen:     It increases your rate of health regeneration.
 K - a +1 robe of the Archmagi
 O - a +2 leather armour of resistance (worn)
Magical Staves
 M - a staff of fire
Jewellery
 s - a ring of see invisible (left hand)
 A - a ring of wizardry (right hand)
 D - a ring of ice
Wands
 I - a wand of iceblast (24)
 L - a wand of mindburst (12)
Scrolls
 c - 7 scrolls of enchant armour
 d - a scroll of summoning
 n - a scroll of silence
 q - 2 scrolls of immolation
 r - a scroll of identify
 t - 4 scrolls of teleportation
 w - a scroll of enchant weapon
 z - 3 scrolls of magic mapping
 B - a scroll of holy word
 F - a scroll of fear
 G - 2 scrolls of vulnerability
Potions
 b - a potion of mutation
 h - 2 potions of attraction
 j - 3 potions of invisibility
 k - 4 potions of brilliance
 p - 2 potions of might
 u - a potion of haste
 x - 2 potions of curing
 C - a potion of resistance
 H - 2 potions of cancellation
Miscellaneous
 a - a tin of tremorstones (2/2)


   Skills:
 * Level 6.7 Fighting
 + Level 0.3 Short Blades
 + Level 1.0 Staves
 * Level 5.4 Armour
 + Level 3.0 Dodging
 + Level 2.8 Stealth
 + Level 0.2 Shields
 * Level 13.6 Spellcasting


You had 11 spell levels left.
You knew the following spells:

 Your Spells              Type           Power      Damage    Failure   Level
a - Foxfire               Conj/Fire      100%       2x1d9     1%          1
b - Scorch                Fire           100%       2d10      1%          2
c - Conjure Flame         Conj/Fire      67%        6-21      1%          3
d - Inner Flame           Hex/Fire       67%        N/A       1%          3
e - Flame Wave            Conj/Fire      67%        3d12      1%          4
f - Summon Small Mammal   Summ           100%       N/A       1%          1
g - Static Discharge      Conj/Air       67%        N/A       1%          2
h - Tukima's Dance        Hex            67%        N/A       1%          3
i - Vampiric Draining     Necr           33%        2d10      1%          3
j - Lee's Rapid Deconstr  Erth           33%        3d18*     1%          5
Your spell library was empty.

Dungeon Overview and Level Annotations

Branches:
Dungeon (12/15)              Lair (0/6) D:10            Orc (0/2) D:9
 Bailey (visited)           IceCv (visited)
 Temple: D:4-7

Altars:
Ashenzari
Dithmenos
Elyvilon
Fedhas
Gozag
Hepliaklqana
Makhleb
Nemelex Xobeh
Okawaru
Ru
Trog
Uskayaw
Vehumet
Yredelemnul

Shops:
D:5 ?   D:12 *


Innate Abilities, Weirdness & Mutations

You are immune to sickness and miasma.
You are immune to poison.
Your flesh is very heat resistant. (rF++)
You are vulnerable to cold. (rC-)
You float through the air rather than walking.
You learn spells naturally, not from books.
Your magical power is your life essence.
You have superior vitality. (+4 HP)


Message History

Press: ? - help, Dir - move target A rock wall.
The wall shatters!
The blast of rock fragments hits the boulder beetle!
The boulder beetle is lightly wounded.
Unknown command.
Casting: Lee's Rapid Deconstruction (mildly dangerous; 1% risk of failure)
Confirm with . or Enter, or press ? or * to list all spells.
Aiming: Lee's Rapid Deconstruction (mildly dangerous; 1% risk of failure)
Press: ? - help, Dir - move target A rock wall.
The wall shatters!
The blast of rock fragments hits the boulder beetle.
The boulder beetle is lightly wounded.
The boulder beetle bites you!
Casting: Lee's Rapid Deconstruction (mildly dangerous; 1% risk of failure)
Confirm with . or Enter, or press ? or * to list all spells.
Casting: Flame Wave (safe; 1% risk of failure)
Press: ? - help, Dir - look around, f - activate A wave of flame ripples out!
The flame wave engulfs the boulder beetle!!
The boulder beetle is heavily wounded. (Press . to intensify the flame waves.)
The boulder beetle bites you!!
* * * LOW HITPOINT WARNING * * *
A wave of flame ripples out!
The flame wave engulfs the boulder beetle!
The boulder beetle is severely wounded.
* * * LOW HITPOINT WARNING * * *
The boulder beetle bites you!
* * * LOW HITPOINT WARNING * * *
A wave of flame ripples out!
The flame wave engulfs the boulder beetle.
The boulder beetle is severely wounded.
* * * LOW HITPOINT WARNING * * *
You finish channelling waves of flame.
You hear a shout!
The boulder beetle bites you!
You die...
Your body crumbles into a pile of gold.

#.....#########
#.....#.......# #....##
......# $ #....# ......#
########....# ......#
............####.....
.).............#''####..
................B.......
##......>.......@.......
#......................
#......................
#.###..................
## #.......###########
#.......# ....... ##


You could see a boulder beetle.

Vanquished Creatures
  A reaper (IceCv)
  Erolcha (D:9)
  Harold (D:8)
  A deep elf pyromancer (D:12)
  Joseph (D:7)
  An ice statue (IceCv)
  A gargoyle (D:10)
  An unseen horror (D:11)
  A freezing wraith (IceCv)
  2 anaconda simulacra (IceCv)
  4 ice devils
  4 trolls
  Prince Ribbit (D:5)
  11 yaks
  Grum (D:9)
  A steam dragon (D:9)
  A death yak simulacrum (IceCv)
  A vampire mosquito (D:7)
  A harpy simulacrum (IceCv)
  4 water moccasins
  Duvessa (D:7)
  13 orc warriors
  4 black bears
  A necrophage (D:5)
  3 ogres
  4 wolves (D:9)
  11 centaurs
  Blork the orc (D:6)
  4 kobold brigands
  4 bullfrogs
  A cane toad simulacrum (IceCv)
  A scorpion (D:5)
  Dowan (D:7)
  6 two-headed ogre simulacra (IceCv)
  A gnoll sergeant (D:9)
  11 killer bees (D:10)
  2 elephant simulacra (IceCv)
  8 wights
  5 centaur zombies
  A bullfrog zombie (D:6)
  A centaur skeleton (D:6)
  9 orc priests
  3 gnoll shamans
  A jelly (D:6)
  A bullfrog skeleton (D:7)
  4 hounds
  2 iguanas
  12 orc wizards
  6 troll simulacra (IceCv)
  4 spriggan simulacra (IceCv)
  A killer bee zombie (D:8)
  3 polar bear simulacra (IceCv)
  2 wolf simulacra (IceCv)
  A howler monkey zombie (D:5)
  24 gnolls
  5 adders
  5 naga simulacra (IceCv)
  A shadow imp (D:6)
  3 white imps
  9 ufetubi
  2 worms (D:2)
  3 dart slugs
  83 orcs
  8 bats
  7 endoplasms
  2 giant cockroaches
  7 goblins
  10 hobgoblins
  4 jackals
  4 quokkas
  9 ball pythons
  2 frilled lizards (D:1)
  27 kobolds
  5 rats
  3 foxfires
396 creatures vanquished.

Vanquished Creatures (collateral kills)
  Edmund (D:5)
  2 centaurs
  4 orcs (Bailey)
  A kobold (D:9)
  A foxfire (D:10)
9 creatures vanquished.

Vanquished Creatures (others)
  An ufetubus (IceCv)
  827 foxfires
  5 fungi (D:10)
  12 plants (D:10)
845 creatures vanquished.

Grand Total: 1250 creatures vanquished

Notes
Turn   | Place    | Note
-------+----------+-------------------------------------------
     0 | D:1      | robertstho the Djinni Fire Elementalist began the quest for
                  | the Orb.
     0 | D:1      | Reached XP level 1. HP: 15/15 MP: 0/0
   302 | D:1      | Reached XP level 2. HP: 8/21 MP: 0/0
   684 | D:1      | Reached skill level 3 in Spellcasting
   689 | D:1      | Reached XP level 3. HP: 13/25 MP: 0/0
   689 | D:1      | Learned a level 1 spell: Summon Small Mammal
   832 | D:1      | Found a faded altar of an unknown god.
  1642 | D:2      | Reached XP level 4. HP: 14/31 MP: 0/0
  1991 | D:2      | Reached skill level 1 in Fighting
  2712 | D:2      | Reached XP level 5. HP: 34/37 MP: 0/0
  2712 | D:2      | Learned a level 2 spell: Static Discharge
  3197 | D:3      | Reached skill level 4 in Spellcasting
  4118 | D:3      | Found a basalt altar of Yredelemnul.
  4383 | D:4      | Found a hazy altar of Hepliaklqana.
  4418 | D:4      | Reached XP level 6. HP: 38/42 MP: 0/0
  5444 | D:5      | Entered Level 5 of the Dungeon
  5444 | D:5      | Noticed Prince Ribbit
  5447 | D:5      | Killed Prince Ribbit
  5448 | D:5      | Reached skill level 5 in Spellcasting
  5448 | D:5      | Reached XP level 7. HP: 28/49 MP: 0/0
  5448 | D:5      | Learned a level 3 spell: Tukima's Dance
  5741 | D:5      | Identified the +6 ring mail of the Sky {rPois rC- Regen+}
  5848 | D:5      | Noticed Edmund
  5859 | D:5      | Killed Edmund
  5860 | D:5      | Reached skill level 6 in Spellcasting
  5860 | D:5      | Reached XP level 8. HP: 41/55 MP: 0/0
  5967 | D:5      | Noticed a yak
  5967 | D:5      | Noticed a yak
  5968 | D:5      | Noticed a yak
  5975 | D:5      | Killed a yak
  5983 | D:5      | Killed a yak
  5984 | D:5      | Reached skill level 7 in Spellcasting
  5984 | D:5      | Killed a yak
  6132 | D:5      | Found a bloodstained altar of Trog.
  6405 | D:6      | Reached XP level 9. HP: 60/60 MP: 0/0
  6405 | D:6      | Learned a level 3 spell: Vampiric Draining
  6424 | D:6      | Reached skill level 1 in Armour
  6464 | D:6      | Noticed Blork the orc
  6472 | D:6      | Killed Blork the orc
  6473 | D:6      | Reached skill level 8 in Spellcasting
  6580 | D:6      | Found a hide-covered altar of Uskayaw.
  6676 | D:6      | Found a burning altar of Makhleb.
  6814 | D:6      | Found a shadowy altar of Dithmenos.
  6815 | D:6      | Found a blossoming altar of Fedhas.
  7089 | D:7      | Reached skill level 9 in Spellcasting
  7196 | D:7      | Found a broken altar of Ashenzari.
  7211 | D:7      | Noticed Joseph
  7227 | D:7      | Killed Joseph
  7228 | D:7      | Reached XP level 10. HP: 45/68 MP: 0/0
  7243 | D:7      | Noticed Duvessa
  7249 | D:7      | Noticed Dowan
  7251 | D:7      | Killed Duvessa
  7254 | D:7      | Killed Dowan
  7497 | D:7      | Found a sparkling altar of Nemelex Xobeh.
  7823 | D:7      | Found an iron altar of Okawaru.
  8112 | D:8      | Found a white marble altar of Elyvilon.
  8257 | D:8      | Noticed Harold
  8269 | D:8      | Killed Harold
  8270 | D:8      | Reached skill level 10 in Spellcasting
  8287 | D:8      | Found a sacrificial altar of Ru.
  8417 | D:9      | Found an opulent altar of Gozag.
  8477 | D:9      | Became a worshipper of Gozag Ym Sagoz the Greedy
  8559 | D:9      | Reached skill level 5 in Fighting
  8563 | D:9      | Noticed Grum
  8564 | D:9      | Killed Grum
  8565 | D:9      | Noticed Erolcha
  8569 | D:9      | Killed Erolcha
  8570 | D:9      | Reached skill level 1 in Staves
  8570 | D:9      | Reached XP level 11. HP: 52/76 MP: 0/0
  8570 | D:9      | Learned a level 5 spell: Lee's Rapid Deconstruction
  8645 | D:9      | Reached skill level 11 in Spellcasting
  8751 | D:9      | Found a flagged portal.
  8767 | Bailey   | Entered a bailey
  9733 | D:9      | Found a staircase to the Orcish Mines.
  9907 | D:10     | Entered Level 10 of the Dungeon
  9919 | D:10     | Reached skill level 12 in Spellcasting
 10096 | D:10     | Found a staircase to the Lair.
 10138 | D:10     | Reached XP level 12. HP: 75/83 MP: 0/0
 10172 | D:10     | Identified the +2 ring mail "Vayppoor" {rN+}
 10580 | D:5      | Identified the +7 dagger "Bung" {speed, rElec rF+ Dex-3}
 10594 | D:5      | Bought a scroll of summoning for 171 gold pieces
 10594 | D:5      | Bought a scroll of teleportation for 54 gold pieces
 10594 | D:5      | Bought a scroll of identify for 36 gold pieces
 10594 | D:5      | Bought a scroll of identify for 36 gold pieces
 10594 | D:5      | Bought 2 scrolls of identify for 72 gold pieces
 10594 | D:5      | Bought a scroll of identify for 36 gold pieces
 10594 | D:5      | Bought a scroll of magic mapping for 63 gold pieces
 10869 | D:11     | Found a frozen archway.
 10873 | D:11     | Reached skill level 5 in Armour
 10884 | IceCv    | Entered an ice cave
 11809 | IceCv    | Reached skill level 13 in Spellcasting
 12382 | IceCv    | Noticed a reaper
 12389 | IceCv    | HP: 1/84 [reaper (13)]
 12391 | IceCv    | Killed a reaper
 14196 | D:12     | Found Limoano's Assorted Antiques.
 14204 | D:12     | Bought 2 murky black potions for 54 gold pieces
 14326 | D:12     | Noticed a boulder beetle
 14334 | D:12     | Mangled by a boulder beetle

Illustrated notes

Levels and vault maps discovered:
D:1:      nzn_arrival_water_spiral, layout_rooms,
          shapermc_ecumenical_altar_venn, chequers_serial_rivers_small_b
D:2:      layout_loops_ring, minmay_pentomino_q4
D:3:      layout_loops_ring, general_overflow_altar
D:4:      layout_cave_pods, lemuel_doored_altar, grunt_ministairs_15
D:5:      layout_rooms, trog_hazing_becter, grunt_decor_resistance,
          uniq_prince_ribbit1, uniq_edmund
D:6:      layout_cave_pools, nicolae_uskayaw_dance_studio, minitemple,
          uniq_blork_the_orc
D:7:      layout_basic, lemuel_coloured_pillars_altar,
          nemelex_diamond_rough_becter, ashenzari_conservatory_becter,
          minmay_temple_entry_from_below_b, corexii_checkpoint_a, st_stairs_9,
          uniq_joseph, uniq_duvessa
D:8:      layout_basic, mainiacjoe_overflow_24_doors,
          mainiacjoe_overflow_cross_hatched, uniq_harold
D:9:      layout_loops_ring, mainiacjoe_overflow_tiny_flanked,
          hiddenorc2_lemuel, enter_bailey_4, uniq_erolcha, uniq_grum
D:10:     layout_rooms, due_lair_maze_entry_diamond, minmay_strange_pillars
D:11:     layout_stronghold, portal_ice_cave_demonic_guard,
          grunt_decor_mini_mirrors, minmay_misc_feat_iff, vehumet_altar_wand_db
D:12:     layout_irregular_city, serial_shops, shop, nooodl_orcs_dogs

Skill      XL: |  1  2  3  4  5  6  7  8  9 10 11 12 |
---------------+-------------------------------------+-----
Spellcasting   | 3 4 5 6 7 9 10 12 13 | 13.6
Fighting       | 1 2 3 4 5 6 |  6.7
Stealth        | 2 |  2.8
Armour         | 2 3 4 5 |  5.4
Dodging        | 3 |  3.0
Staves         | 1 |  1.0
Short Blades   | |  0.3
Shields        | |  0.2

Action                   |  1- 3 |  4- 6 |  7- 9 | 10-12 || total
-------------------------+-------+-------+-------+-------++-------
Melee: Short sword       |    14 |       |       |       ||    14
       Dagger            |       |     7 |    14 |       ||    21
       Quarterstaff      |       |       |       |     8 ||     8
 Cast: Foxfire           |    63 |    55 |   111 |   262 ||   491
       Scorch            |     4 |    48 |    57 |    65 ||   174
       Tukima's Dance    |       |       |     1 |    10 ||    11
       Flame Wave        |       |       |     5 |    21 ||    26
       Vampiric Draining |       |       |     3 |     1 ||     4
       Lee's Rapid Decon |       |       |       |   153 ||   153
Invok: Call Merchant     |       |       |       |     1 ||     1
  Use: Scroll            |       |       |    11 |     9 ||    20
       Potion            |       |       |       |     2 ||     2
 Stab: Sleeping          |     1 |       |       |       ||     1
       Distracted        |       |     1 |       |       ||     1
Armor: Robe              |       |     5 |       |       ||     5
       Ring mail         |       |       |    37 |    49 ||    86
       Leather armour    |       |       |       |     2 ||     2
Dodge: Dodged            |    14 |     6 |    15 |    64 ||    99
Block: Buckler           |       |     3 |    10 |     8 ||    21

Table legend: (Time is in decaauts)
 A = Elapsed time spent in this place.
 B = Non-inter-level travel time spent in this place.
 C = Inter-level travel time spent in this place.
 D = Time resting spent in this place.
 E = Time spent auto-exploring this place.
 F = Levels seen in this place.
 G = Mean time per level.
                   A        B        C        D        E       F      G
               +--------+--------+--------+--------+--------+-----+--------+
         Total |  14333 |  13798 |    535 |   1225 |  10405 |  14 | 1023.8 |
       Dungeon |  11225 |  10690 |    535 |     52 |   9060 |  12 |  935.4 |
        Bailey |    664 |    664 |      0 |    117 |    246 |   1 |  664.0 |
      Ice Cave |   2443 |   2443 |      0 |   1056 |   1099 |   1 | 2443.0 |
               +--------+--------+--------+--------+--------+-----+--------+

Top non-repeatable levels by time:
   IceCv: 2443 daAuts
     D:1: 1587 daAuts
     D:2: 1439 daAuts
     D:3: 1209 daAuts
     D:4: 1206 daAuts
    D:11: 1052 daAuts
     D:5: 1011 daAuts
     D:7: 1002 daAuts
     D:9: 823 daAuts
  Bailey: 664 daAuts
    D:10: 611 daAuts
     D:8: 587 daAuts
     D:6: 548 daAuts
    D:12: 144 daAuts
